 Dungeon Crawl Stone Soup version 0.28.0-53-g5a82cb258f (webtiles) character file.

Game seed: 5860677004573168702

116 safid the Chopper (level 5, -8/46 HPs)
             Began as a Hill Orc Fighter on Aug 12, 2022.
             Mangled by an ogre
             ... wielding a +0 giant club
              (28 damage)
             ... on level 3 of the Dungeon.
             The game lasted 00:02:33 (2611 turns).

safid the Chopper (Hill Orc Fighter)                Turns: 2611, Time: 00:02:34

Health: -8/46      AC:  7    Str: 21    XL:     5   Next: 0%
Magic:  5/5        EV:  9    Int:  8    God:
Gold:   57         SH:  4    Dex: 10    Spells: 4/4 levels left

rFire   . . .      SeeInvis .   a - +0 war axe
rCold   . . .      Faith    .   c - +0 buckler
rNeg    . . .      Spirit   .   b - +0 scale mail
rPois   .          Reflect  .   (no helmet)
rElec   .          Harm     .   (no cloak)
rCorr   .          Rampage  .   (no gloves)
Will    .....                   (no boots)
Stlth   ..........              (no amulet)
HPRegen 0.15/turn               (no ring)
MPRegen 0.09/turn               (no ring)

@: no status effects
A: no striking features
a: no special abilities


You were on level 3 of the Dungeon.
You visited 1 branch of the dungeon, and saw 3 of its levels.

You collected 57 gold pieces.

Inventory:

Hand Weapons
 a - a +0 war axe (weapon)
Armour
 b - a +0 scale mail (worn)
 c - a +0 buckler (worn)
Jewellery
 n - a ring of fire
Scrolls
 e - 2 scrolls of identify {unknown}
 i - 2 scrolls of fog {unknown}
 k - 2 scrolls of enchant armour {unknown}
Potions
 d - 2 potions of might
 f - 2 potions of curing {unknown}
 g - a potion of flight {unknown}
 h - a potion of mutation {unknown}
 j - a potion of degeneration {unknown}
 l - 2 potions of lignification {unknown}
 m - a potion of heal wounds {unknown}


   Skills:
 - Level 4.0 Fighting
 + Level 5.1 Axes
 - Level 4.0 Armour
 - Level 4.0 Shields


You had 4 spell levels left.
You didn't know any spells.
Your spell library was empty.

Dungeon Overview and Level Annotations

Branches:
Dungeon (3/15)

Altars:
Trog
Zin


Message History

An orc comes into view. It is wielding a +0 short sword.
The orc shouts!
The orc hits you but does no damage.
You closely miss the orc. The orc hits you with a +0 short sword.
You are too injured to fight recklessly!
You are too injured to fight recklessly!
You are too injured to fight recklessly!
You are too injured to fight recklessly!
You are too injured to fight recklessly!
You are too injured to fight recklessly!
You are too injured to fight recklessly!
You are too injured to fight recklessly!
You slash the orc!
You kill the orc!
You have reached level 5!
You feel stronger.
Key pressed, stopping explore.
n - a ring of fire
Things that are here:
a +0 short sword; an orc corpse
Found a stone staircase leading up.
Found a trident.
An ogre comes into view. It is wielding a +0 giant club.
The ogre shouts!
An ogre is nearby!
An ogre is nearby!
You hit the ogre.
The ogre is lightly wounded.
The ogre hits you with a +0 giant club!
You barely miss the ogre.
The ogre is lightly wounded.
The ogre barely misses you.
You completely miss the ogre.
The ogre is lightly wounded.
The ogre hits you with a +0 giant club!
You hit the ogre but do no damage.
The ogre is lightly wounded.
The ogre hits you with a +0 giant club!!
Ouch! That really hurt!
You die...

####.# ....#
....# #... #.
#...
#..###.)#
#.......#
#..O@# #####
#.##.##......
#............
####.###.....
#.# ...
#####.# .
#.....#
#.##### #.#


You could see an ogre.

Vanquished Creatures
  An iguana (D:3)
  3 adders (D:2)
  2 orcs (D:3)
  4 ball pythons
  7 endoplasms
  2 giant cockroaches (D:1)
  6 goblins
  6 hobgoblins
  5 jackals
  5 kobolds
  2 quokkas (D:1)
  6 bats
  2 frilled lizards (D:1)
  4 rats
55 creatures vanquished.

Vanquished Creatures (others)
  A fungus (D:3)
1 creature vanquished.

Grand Total: 56 creatures vanquished

Notes
Turn   | Place    | Note
-------+----------+-------------------------------------------
     0 | D:1      | safid the Hill Orc Fighter began the quest for the Orb.
     0 | D:1      | Reached XP level 1. HP: 19/19 MP: 1/1
   200 | D:1      | Reached skill level 3 in Axes
   200 | D:1      | Reached XP level 2. HP: 26/27 MP: 2/2
   677 | D:1      | Reached XP level 3. HP: 31/33 MP: 3/3
   973 | D:2      | Found a bloodstained altar of Trog.
  1521 | D:2      | Reached XP level 4. HP: 39/40 MP: 4/4
  1523 | D:2      | Reached skill level 4 in Axes
  2236 | D:3      | Found a glowing silver altar of Zin.
  2378 | D:3      | Reached skill level 5 in Axes
  2431 | D:3      | Reached XP level 5. HP: 23/46 MP: 5/5
  2605 | D:3      | Noticed an ogre
  2611 | D:3      | Mangled by an ogre

Illustrated notes

Levels and vault maps discovered:
D:1:      scummos_arrival_gate, layout_rooms
D:2:      layout_loops_cross, basic_altar, dk_noncrumbling_2,
          lemuel_flame_loot_1
D:3:      layout_loops_cross, mainiacjoe_overflow_boulevard

Skill      XL: |  1  2  3  4 |
---------------+-------------+-----
Axes           | 3 5 |  5.1
Fighting       | 4 |  4.0
Armour         | 4 |  4.0
Shields        | 4 |  4.0

Action                   |  1- 3 |  4- 6 || total
-------------------------+-------+-------++-------
Melee: War axe           |   123 |    40 ||   163
Armor: Scale mail        |    88 |    21 ||   109
Dodge: Dodged            |    79 |    18 ||    97
Block: Buckler           |    31 |     6 ||    37
